 Dungeon Crawl Stone Soup version 0.31-a0-271-gb88eb75e06 (webtiles) character file.

Game seed: 10859777390937023566

84 HallandMoats the Trooper (level 4, 0/37 HPs)
             Began as a Demonspawn Fighter on July 15, 2023.
             Slain by a goblin
             ... wielding a +0 club
             ... led by Robin
              (3 damage)
             ... on level 2 of the Dungeon.
             The game lasted 00:02:15 (1058 turns).

HallandMoats the Trooper (Demonspawn Fighter)       Turns: 1058, Time: 00:02:16

Health: 0/37       AC:  5    Str: 18    XL:     4   Next: 24%
Magic:  4/4        EV: 10    Int: 10    God:
Gold:   103        SH:  8    Dex: 12    Spells: 3/3 levels left

rFire   . . .        a - +0 war axe
rCold   . . .        c - +0 buckler
rNeg    . . .        h - +0 ring mail
rPois   .            (no helmet)
rElec   .            (no cloak)
rCorr   .            (no gloves)
SInv    .            (no boots)
Will    .....        (no amulet)
Stlth   +            (no ring)
HPRegen 0.26/turn    (no ring)
MPRegen 0.18/turn

%: no passive effects
@: no status effects
A: large bone plates 1, magic regeneration
a: no special abilities


You were on level 2 of the Dungeon.
You visited 1 branch of the dungeon, and saw 2 of its levels.

You collected 103 gold pieces.

Inventory:

Hand Weapons
 a - a +0 war axe (weapon)
Armour
 c - a +0 buckler (worn)
 h - a +0 ring mail (worn)
Scrolls
 e - a scroll of immolation {unknown}
 f - a scroll of blinking {unknown}
 g - a scroll of fear {unknown}
Potions
 b - 2 potions of curing {unknown}
 d - a potion of might
 i - a potion of invisibility {unknown}


   Skills:
 * Level 3.9 Fighting
 * Level 2.9 Axes
 - Level 2.7 Armour
 - Level 0.1 Dodging
 + Level 3.1 Shields


You had 3 spell levels left.
You didn't know any spells.
Your spell library was empty.

Dungeon Overview and Level Annotations

Branches:
Dungeon (2/15)

Altars:

Shops:
D:1 :   D:2 (

Annotations:
D:2 Robin


Innate Abilities, Weirdness & Mutations

You are partially covered in large bone plates. (SH +4)
You regenerate magic rapidly.


Message History

A hobgoblin comes into view.
A goblin comes into view. It is wielding a +0 club.
The goblin hits you with a +0 dagger.
You slash the goblin!
You kill the goblin!
Robin hits you from afar with a +3 trident of freezing!
Robin freezes you.
A goblin comes into view. It is wielding a +0 club.
The goblin shouts!
You hear a shout!
Robin hits you with a +3 trident of freezing!
Robin freezes you.
You see here a +0 dagger.
You slash Robin!
Robin is heavily wounded.
Robin barely misses you.
A goblin comes into view. It is wielding a +0 dagger. x2
Robin zaps a wand.
The puff of flame hits you!
* * * LOW HITPOINT WARNING * * *
The goblin moves out of view.
The goblin attacks as you move away! You block the goblin's attack.
The goblin shouts!
Robin roars a battlecry!
The goblins go into a battle-frenzy!
Things that are here:
a +0 dagger; a +0 club; a goblin corpse Robin throws the goblin at you!
You block the goblin's attack. The goblin attacks as you move away!
You block the goblin's attack. The goblin hits you with a +0 club.
* * * LOW HITPOINT WARNING * * *
Robin says, "Feeling lonely?"
The goblin attacks as you move away! You block the goblin's attack.
Robin roars a battlecry!
The goblin attacks as you move away! You block the goblin's attack.
Robin says, "Kneel, worm!"
Robin roars a battlecry!
The goblin attacks as you move away! The goblin hits you but does no damage.
The goblin no longer looks unusually strong.
The goblin attacks as you move away! The goblin hits you with a +0 club.
You die...

#### ..# #.# #######
##.## ### #...... #
####...####.#####.#####
#(#....g@.†.........#
#.#.##...##.....#####
#....g..####...##
###g##### ##.## #.# #.#
## #g# #.# #. ###.###
#+# #. #..g..# #.
#...g.# ##.


You could see 3 goblins.

Vanquished Creatures
  Natasha (D:2)
  2 adders (D:2)
  A dart slug (D:1)
  3 bats (D:1)
  An endoplasm (D:1)
  2 hobgoblins (D:1)
  4 jackals (D:2)
  4 kobolds (D:1)
  A quokka (D:1)
  8 ball pythons
  2 frilled lizards
  8 goblins
  2 rats (D:1)
39 creatures vanquished.

Notes
Turn   | Place    | Note
-------+----------+-------------------------------------------
     0 | D:1      | HallandMoats the Demonspawn Fighter began the quest for the
                  | Orb.
     0 | D:1      | Reached XP level 1. HP: 18/18 MP: 1/1
   150 | D:1      | Gained mutation: You are partially covered in large bone
                  | plates. (SH +4) [demonic ancestry]
   150 | D:1      | Reached XP level 2. HP: 24/24 MP: 2/2
   264 | D:1      | Found Judegoukh's Book Shop.
   697 | D:2      | Gained mutation: You regenerate magic rapidly. [demonic
                  | ancestry]
   697 | D:2      | Reached XP level 3. HP: 29/29 MP: 3/3
   742 | D:2      | Noticed a +0 rapier
   745 | D:2      | Found Byff's Weapon Shoppe.
   749 | D:2      | Noticed a +0 triple sword
   869 | D:2      | Noticed Natasha
   875 | D:2      | Killed Natasha
   876 | D:2      | Reached XP level 4. HP: 37/37 MP: 4/4
  1037 | D:2      | Noticed Robin
  1049 | D:2      | HP: 1/37 [goblin/+0 club[Robin] (2)]
  1058 | D:2      | Slain by a goblin

Illustrated notes

Levels and vault maps discovered:
D:1:      co_arrival_square_in_a_square_in_a_square, layout_basic, serial_shops,
          shop
D:2:      layout_loops_corners, serial_shops, nicolae_shop_mannequins,
          kennysheep_jessica_study, uniq_natasha, uniq_robin

Skill      XL: |  1  2  3 |
---------------+----------+-----
Axes           | 2 |  2.9
Shields        | 3 |  3.1
Fighting       | |  3.9
Armour         | |  2.7
Dodging        | |  0.1

Action                     |  1- 3 |  4- 6 || total
---------------------------+-------+-------++-------
  Melee: War axe           |    80 |    18 ||    98
 Armour: Scale mail        |    28 |       ||    28
         Ring mail         |    27 |     6 ||    33
  Dodge: Dodged            |    39 |     8 ||    47
  Block: Buckler           |    47 |    15 ||    62

Table legend: (Time is in decaauts)
 A = Elapsed time spent in this place.
 B = Non-inter-level travel time spent in this place.
 C = Inter-level travel time spent in this place.
 D = Time resting spent in this place.
 E = Time spent auto-exploring this place.
 F = Levels seen in this place.
 G = Mean time per level.
                   A        B        C        D        E       F      G
               +--------+--------+--------+--------+--------+-----+--------+
         Total |   1109 |   1056 |     53 |      0 |    682 |   2 |  554.5 |
       Dungeon |   1109 |   1056 |     53 |      0 |    682 |   2 |  554.5 |
               +--------+--------+--------+--------+--------+-----+--------+

Top non-repeatable levels by time:
     D:1: 709 daAuts
     D:2: 399 daAuts
